 Dungeon Crawl Stone Soup version 0.23.2-30-g0e89c35649 (webtiles) character file.

Game seed: 11656883895139166153

147166 Mrkan the Peltast (level 17, -11/109 HPs)
             Began as a Gargoyle Fighter on June 23, 2019.
             Was the Champion of the Shining One.
             Mangled by a guardian serpent (13 damage)
             ... on level 3 of the Snake Pit.
             The game lasted 01:29:09 (26159 turns).

Mrkan the Peltast (Gargoyle Fighter)               Turns: 26159, Time: 01:29:10

Health: -11/109    AC: 40    Str: 23    XL:     17   Next: 46%
Magic:  19/25      EV:  5    Int: 20    God:    the Shining One [******]
Gold:   726        SH: 34    Dex: 16    Spells: 16/16 levels left

rFire    . . .     SeeInvis .   p - +11 flail "Ficil" {holy, rElec rN+ Str-3 Int+8}
rCold    + . .     Gourm    .   g - +8 large shield
rNeg     + + +     Faith    .   C - +4 plate armour {MR+}
rPois    ∞         Spirit   .   o - +1 helmet {Int+3}
rElec    +         Reflect  +   H - +2 cloak
rCorr    .         Harm     .   l - +0 pair of gloves
MR       ++...                  x - +0 pair of boots
Stlth    ..........             K - +4 amulet of reflection
HPRegen  0.28/turn              y - ring of protection from cold
MPRegen  0.19/turn              P - ring "Bem Zocs" {Str+2 Dex+4 Stlth+}

@: about to teleport, glowing, constricted
A: big wings, low mp 1, negative energy resistance 1, shaggy fur 1, electricity
resistance, unbreathing, petrification resistance, rot immunity, AC +12
a: Fly, Divine Shield, Cleansing Flame, Summon Divine Warrior, Brand Weapon With
Holy Wrath, Renounce Religion


You were on level 3 of the Snake Pit.
You worshipped the Shining One.
The Shining One was exalted by your worship.
You were not hungry.

You visited 5 branches of the dungeon, and saw 27 of its levels.
You also visited: Sewer.

You collected 2674 gold pieces.
You spent 1948 gold pieces at shops.

Inventory:

Hand Weapons
 p - the +11 flail "Ficil" (weapon) {holy, rElec rN+ Str-3 Int+8}
   (You bought it in a shop on level 2 of the Orcish Mines)

   It has been blessed by the Shining One to cause great damage to the undead
   and demons.
   It affects your strength (-3).
   It affects your intelligence (+8).
   It insulates you from electricity.
   It protects you from negative energy.
 M - a +1 morningstar
Armour
 g - a +8 large shield (worn)
 l - a +0 pair of gloves (worn)
 o - a +1 helmet of intelligence (worn)
 x - a +0 pair of boots (worn)
 C - a +4 plate armour of magic resistance (worn)
 G - the +3 ring mail of the Tormentor {+Blink rElec Regen+ Dex-5}
   (You found it on level 7 of the Dungeon)

   It affects your dexterity (-5).
   It insulates you from electricity.
   It lets you blink.
   It increases your rate of regeneration.
 H - a +2 cloak (worn)
 J - +0 swamp dragon scales
Jewellery
 y - a ring of protection from cold (left hand)
 E - an uncursed amulet of regeneration
 K - a +4 amulet of reflection (around neck)
 L - an uncursed ring of protection from fire
 P - the ring "Bem Zocs" (right hand) {Str+2 Dex+4 Stlth+}
   (You bought it in a shop on level 15 of the Dungeon)

   [ring of stealth]

   It affects your strength (+2).
   It affects your dexterity (+4).
   It makes you more stealthy.
Wands
 a - a wand of disintegration (16)
 r - a wand of digging (15)
 F - a wand of flame (43)
 N - a wand of iceblast (39)
 Q - a wand of polymorph (7)
Scrolls
 b - 2 scrolls of blinking
 d - a scroll of fear
 e - 8 scrolls of remove curse
 k - 15 scrolls of teleportation
 m - 3 scrolls of magic mapping
 s - 4 scrolls of identify
 v - 5 scrolls of immolation
 I - 3 scrolls of amnesia
Potions
 c - a potion of ambrosia
 h - 2 potions of resistance
 i - 3 potions of haste
 j - a potion of might
 q - 3 potions of magic
 t - 3 potions of lignification
 w - 3 potions of curing
 z - 3 potions of brilliance
 A - a potion of cancellation
 B - 3 potions of agility
 D - a potion of berserk rage
Comestibles
 f - 31 rations
 n - 3 chunks of flesh


   Skills:
 + Level 13.2 Fighting
 - Level 16.0 Maces & Flails
 + Level 8.6 Armour
 * Level 5.0 Dodging
 + Level 17.5 Shields
 - Level 15.0 Invocations


You had 16 spell levels left.
You didn't know any spells.
Your spell library contained the following spells:

 Spells                   Type           Power        Failure   Level  Hunger
 Animate Skeleton         Necr           N/A          100%        1    ##.....
 Pain                     Necr           #...         100%        1    ##.....
 Sandblast                Erth           #.....       100%        1    ##.....
 Shock                    Conj/Air       #...         100%        1    ##.....
 Sting                    Conj/Pois      #...         100%        1    ##.....
 Summon Butterflies       Summ           #.......     100%        1    ##.....
 Passwall                 Tmut/Erth      #.......     100%        2    ###....
 Poisonous Vapours        Pois/Air       #.....       100%        2    ###....
 Swiftness                Chrm/Air       #.......     100%        2    ###....
 Call Canine Familiar     Summ           #.......     100%        3    ####...
 Conjure Flame            Conj/Fire      #.......     100%        3    ####...
 Mephitic Cloud           Conj/Pois/Air  #.......     100%        3    ####...
 Regeneration             Chrm/Necr      #.........   100%        3    ####...
 Static Discharge         Conj/Air       #.......     100%        3    ####...
 Stone Arrow              Conj/Erth      #.....       100%        3    ####...
 Vampiric Draining        Necr           #.........   100%        3    ####...
 Airstrike                Air            #.........   100%        4    #####..
 Animate Dead             Necr           N/A          100%        4    #####..
 Olgreb's Toxic Radiance  Pois           #.......     100%        4    #####..
 Petrify                  Tmut/Erth      #.......     100%        4    #####..
 Summon Ice Beast         Ice/Summ       #.......     100%        4    #####..
 Lee's Rapid Deconstruct  Erth           #.........   100%        5    ######.
 Lightning Bolt           Conj/Air       #.........   100%        5    ######.
 Summon Mana Viper        Hex/Summ       #.......     100%        5    ######.
 Venom Bolt               Conj/Pois      #.........   100%        5    ######.
 Freezing Cloud           Conj/Ice/Air   #.........   100%        6    #######
 Ring of Flames           Chrm/Fire      #.........   100%        7    #######
 Summon Hydra             Summ           #.........   100%        7    #######


Dungeon Overview and Level Annotations

Branches:
Dungeon (15/15)            Temple (0/1) D:6            Lair (6/6) D:10
 Shoals (1/4) Lair:2        Snake (3/4) Lair:3        Slime (0/5) Lair:5
    Orc (2/2) D:11            Elf (0/3) Orc:2        Vaults (0/5) D:14
 Depths (0/5) D:15

Altars:
Cheibriados
Dithmenos
Fedhas
Gozag
Hepliaklqana
Kikubaaqudgha
Makhleb
Nemelex Xobeh
Okawaru
Sif Muna
Uskayaw
Vehumet
Wu Jian
The Shining One

Shops:
D:10 %   D:11 (   D:15 [=(}!   Orc:2 (%?[?

Annotations:
D:9 2 transporters, Pixllover's ghost, novice MiBe
D:11 2 runed translucent doors, Andrea's ghost, journeyman SpEn
Snake:3 exclusion: oklob plant
Orc:2 2 transporters, Slothtographer's ghost, journeyman TeGl


Innate Abilities, Weirdness & Mutations

You are resistant to torment.
Your stone body is resilient. (AC +12)
You are immune to poison.
Your large and strong wings let you fly indefinitely.
You resist negative energy. (rN+)
You are resistant to electric shocks. (rElec)
You can survive without breathing.
You are immune to petrification.
You are immune to rotting.
Your magical capacity is low. (-10% MP)
You are covered in fur. (AC +1)


Message History

Okay, then.
You feel better.
You block the guardian serpent's attack.
You block the naga mage's attack.
Your angel hits the naga sharpshooter with a +3 whip of holy wrath.
Your angel closely misses the naga sharpshooter.
You block the guardian serpent's attack.
The naga warrior hits you but does no damage.
* * * LOW HITPOINT WARNING * * *
The naga warrior constricts you.
The naga sharpshooter spits poison at you.
The splash of poison reflects off an invisible shield around you!
The splash of poison hits the naga sharpshooter.
The guardian serpent barely misses you.
The salamander hits you but does no damage.
The naga mage hits you but does no damage.
Your angel hits the naga sharpshooter with a +3 whip of holy wrath.
Your angel hits the naga sharpshooter but does no damage.
The guardian serpent hits you!
You die...

#...#.##..####.##.
#...#......>...(.# .
#...#...(.........
N(.#####)...^.##......##
#......).....##......#.
#...##..†.#######....#.
#...##...## ##.....
#....NNN)###### ##....
..#.S@A......# #....
#.SN###..#.# #.... #...#
##.# #...# P_P. .....#
..P....
.................
########..........
#......##.. ####...# #.


You could see a naga warrior, 2 naga sharpshooters, a salamander, 2 guardian
serpents, a naga mage and a friendly angel.

Vanquished Creatures
  Vashnia (Snake:2)
  Donald (Shoals:1)
  A nagaraja (Snake:2)
  An orc warlord (D:11)
  Aizul (Snake:2)
  A stone giant (Orc:1)
  3 ogre magi (Orc:2)
  Josephine (Lair:5)
  A yaktaur captain (D:15)
  A merfolk impaler (Shoals:1)
  Erolcha (D:11)
  8 naga warriors
  4 hydras
  Harold (Lair:1)
  3 centaur warriors
  6 anacondas
  A death knight (D:14)
  6 two-headed ogres
  2 death yaks (Lair:5)
  5 naga sharpshooters
  3 shock serpents
  Sonja (D:11)
  Nergalle (Orc:1)
  2 unseen horrors
  3 skeletal warriors
  A salamander mystic (Snake:1)
  3 naga ritualists
  A deep troll (D:14)
  A sea snake (Snake:2)
  3 deep elf magi
  An orc sorcerer (Orc:2)
  3 cyclopes
  2 manticores
  An orc knight (Orc:2)
  5 mana vipers
  4 ugly things
  A salamander (shapeshifter) (D:14)
  13 naga magi
  A guardian serpent (shapeshifter) (D:13)
  10 salamanders
  A merfolk siren (Shoals:1)
  A torpor snail (Lair:6)
  2 molten gargoyles (Lair:3)
  32 black mambas
  3 guardian serpents
  3 gargoyles
  16 spiny frogs
  An efreet (D:13)
  4 kobold demonologists
  4 rime drakes
  4 komodo dragons
  A yaktaur (D:15)
  8 trolls
  3 tyrant leeches (Lair:6)
  3 merfolk (Shoals:1)
  9 slime creatures
  24 blink frogs
  14 hippogriffs
  A snapping turtle (Shoals:1)
  A blink frog (shapeshifter) (D:15)
  3 shadows
  5 wraiths
  4 wyverns
  56 yaks
  A human (D:11)
  7 vampire mosquitoes
  2 hungry ghosts
  4 basilisks
  31 nagas
  16 water moccasins
  An acid dragon (D:11)
  Duvessa (D:7)
  3 porcupines
  Purgy (Sewer)
  25 orc warriors
  2 black bears
  A hornet zombie (D:9)
  4 ice beasts
  3 phantoms
  5 sky beasts
  3 necrophages
  13 ogres
  18 centaurs
  6 wolves (Lair:6)
  12 crocodiles
  6 big kobolds
  29 bullfrogs
  2 gnoll sergeants (D:11)
  Dowan (D:7)
  7 scorpions
  6 killer bees (D:13)
  18 wights
  6 electric eels
  4 howler monkeys
  12 crimson imps
  5 lava snakes (Lair:3)
  4 centaur zombies
  2 quasits
  A bullfrog zombie (D:9)
  5 jellies
  3 hounds
  15 orc priests
  Crazy Yiuf (D:7)
  4 centaur skeletons
  27 orc wizards
  2 bullfrog skeletons (D:11)
  2 iguanas
  10 worker ants
  A killer bee zombie (D:10)
  A hound zombie (D:11)
  A worker ant zombie (D:11)
  10 adders
  8 gnolls
  6 shadow imps
  A white imp (D:9)
  2 oozes
  An adder zombie (D:8)
  3 adder skeletons
  2 worms
  2 dart slugs (D:2)
  4 leopard geckos
  76 orcs
  6 ball pythons
  14 bats
  12 giant cockroaches
  7 goblins
  3 hobgoblins
  4 jackals (D:8)
  6 quokkas
  3 frilled lizards
  24 kobolds
  A leopard gecko skeleton (D:6)
  A quokka skeleton (D:7)
  7 rats
  2 tentacles (Shoals:1)
851 creatures vanquished.

Vanquished Creatures (collateral kills)
  A kraken (Shoals:1)
  Frances (Shoals:1)
  An orc warlord (Orc:2)
  An ogre mage (Orc:2)
  A centaur warrior (D:15)
  A tengu warrior (D:14)
  7 two-headed ogres (Orc:2)
  An alligator snapping turtle (Shoals:1)
  An orc high priest (Orc:2)
  2 skeletal warriors (D:15)
  A deep elf archer (D:15)
  5 orc knights
  2 mana vipers
  A deep elf mage (D:14)
  A manticore (Shoals:1)
  3 slime creatures (D:15)
  2 black mambas (Snake:2)
  A naga mage (Snake:3)
  A spiny frog (Lair:5)
  2 freezing wraiths (D:14)
  A komodo dragon (Lair:6)
  A tengu conjurer (D:14)
  2 snapping turtles (Shoals:1)
  A vampire (D:15)
  2 yaks (D:14)
  6 wargs
  A vampire mosquito (Lair:5)
  An ice beast (D:15)
  A sky beast (D:14)
  23 orc warriors
  22 ogres
  3 centaurs (D:15)
  A crocodile (Lair:6)
  A bullfrog (D:14)
  A crimson imp (D:15)
  2 orc priests (Orc:2)
  7 orc wizards (Orc:2)
  21 orcs
133 creatures vanquished.

Vanquished Creatures (others)
  2 naga sharpshooters (Snake:2)
  2 manticores (Shoals:1)
  A salamander (Snake:3)
  3 naga magi
  A merfolk (Shoals:1)
  A centaur (Shoals:1)
  2 orcs
  7 fungi
  36 plants
  10 tentacles (Shoals:1)
65 creatures vanquished.

Grand Total: 1049 creatures vanquished

Notes
Turn   | Place    | Note
-------+----------+-------------------------------------------
     0 | D:1      | Mrkan the Gargoyle Fighter began the quest for the Orb.
     0 | D:1      | Reached XP level 1. HP: 14/14 MP: 1/1
   130 | D:1      | Reached XP level 2. HP: 19/19 MP: 2/2
   176 | D:1      | Found a glowing golden altar of the Shining One.
   512 | D:1      | Reached XP level 3. HP: 23/23 MP: 3/3
   833 | D:1      | Became a worshipper of the Shining One
  1184 | D:2      | Found a snail-covered altar of Cheibriados.
  1596 | D:3      | Reached XP level 4. HP: 28/29 MP: 4/4
  1755 | D:3      | Reached skill level 4 in Shields
  1848 | D:3      | Found a glowing drain.
  1887 | Sewer    | Entered a sewer
  1899 | Sewer    | Noticed Purgy
  1914 | Sewer    | Killed Purgy
  1914 | Sewer    | Reached skill level 1 in Invocations
  1914 | Sewer    | Reached XP level 5. HP: 12/33 MP: 4/6
  2080 | Sewer    | Noticed a big kobold
  2089 | Sewer    | Killed a big kobold
  2089 | Sewer    | Reached XP level 6. HP: 34/38 MP: 7/7
  2183 | D:3      | Found a hazy altar of Hepliaklqana.
  2487 | D:4      | Reached skill level 5 in Shields
  2547 | D:4      | Reached * piety under the Shining One
  3018 | D:5      | Entered Level 5 of the Dungeon
  3133 | D:5      | Found a blossoming altar of Fedhas.
  3133 | D:5      | Found a shadowy altar of Dithmenos.
  3134 | D:5      | Found a deep blue altar of Sif Muna.
  3139 | D:5      | Reached XP level 7. HP: 44/44 MP: 8/8
  3218 | D:5      | Reached skill level 5 in Maces & Flails
  3252 | D:5      | Reached skill level 6 in Shields
  3358 | D:5      | Reached skill level 5 in Fighting
  3436 | D:5      | Found a glowing golden altar of the Shining One.
  3436 | D:5      | Found a radiant altar of Vehumet.
  3436 | D:5      | Found an ancient bone altar of Kikubaaqudgha.
  3436 | D:5      | Found an iron altar of Okawaru.
  3442 | D:5      | Found a hide-covered altar of Uskayaw.
  3442 | D:5      | Found a burning altar of Makhleb.
  3738 | D:6      | Reached XP level 8. HP: 49/49 MP: 10/10
  3967 | D:6      | Reached skill level 7 in Shields
  4129 | D:6      | Reached ** piety under the Shining One
  4277 | D:6      | Found a staircase to the Ecumenical Temple.
  4643 | D:7      | Noticed Duvessa
  4644 | D:7      | Noticed Dowan
  4652 | D:7      | Reached XP level 9. HP: 55/55 MP: 12/12
  4660 | D:7      | Killed Dowan
  4673 | D:7      | Killed Duvessa
  4673 | D:7      | Reached skill level 8 in Shields
  4888 | D:7      | Found a runed translucent door.
  4889 | D:7      | Noticed Crazy Yiuf
  5033 | D:7      | Reached skill level 5 in Invocations
  5054 | D:7      | Found an ornate altar of the Wu Jian Council.
  5067 | D:7      | Got a slimy ring mail
  5068 | D:7      | Identified the +3 ring mail of the Tormentor {+Blink rElec
                  | Regen+ Dex-5} (You found it on level 7 of the Dungeon)
  5240 | D:7      | Killed Crazy Yiuf
  5695 | D:8      | Reached skill level 9 in Shields
  5701 | D:8      | Reached XP level 10. HP: 51/63 MP: 14/14
  6032 | D:9      | Reached *** piety under the Shining One
  6473 | D:9      | Noticed a two-headed ogre
  6489 | D:9      | Killed a two-headed ogre
  6651 | D:9      | Found a transporter.
  6783 | D:9      | Got a slimy robe
  6997 | D:9      | Found a transporter.
  6997 | D:9      | Noticed Pixllover's ghost (novice MiBe)
  7045 | D:9      | Reached **** piety under the Shining One
  7277 | D:10     | Entered Level 10 of the Dungeon
  7287 | D:10     | Found a staircase to the Lair.
  7491 | D:10     | Noticed an unseen horror
  7531 | D:10     | Killed an unseen horror
  7531 | D:10     | Reached skill level 10 in Maces & Flails
  7548 | D:10     | Reached skill level 10 in Shields
  7548 | D:10     | Reached XP level 11. HP: 67/69 MP: 16/16
  7638 | D:10     | Found Ufuush Fang's Food Emporium.
  8061 | D:10     | Noticed a two-headed ogre
  8075 | D:10     | Killed a two-headed ogre
  8284 | D:11     | Found a runed translucent door.
  8287 | D:11     | Noticed Andrea's ghost (journeyman SpEn)
  8287 | D:11     | Reached ***** piety under the Shining One
  8289 | D:11     | Identified the +9 spear "Bisetuhucea" {holy, +Rage}
  8324 | D:11     | Found a staircase to the Orcish Mines.
  8680 | D:11     | Noticed Sonja
  8733 | D:11     | Killed Sonja
  8850 | D:11     | Noticed Erolcha
  8862 | D:11     | Killed Erolcha
  9067 | D:11     | Noticed a deep elf mage
  9107 | D:11     | Killed a deep elf mage
  9107 | D:11     | Reached skill level 11 in Shields
  9107 | D:11     | Reached XP level 12. HP: 28/77 MP: 18/18
  9357 | D:11     | Found a runed translucent door.
  9360 | D:11     | Noticed a five-headed hydra
  9362 | D:11     | Noticed a two-headed ogre
  9469 | D:11     | Noticed a two-headed ogre
  9487 | D:11     | Killed a two-headed ogre
  9537 | D:11     | Found Quxek's Weapon Shop.
  9560 | D:11     | Reached skill level 10 in Fighting
  9701 | D:11     | Identified the +1 robe of Nuirgh {rC+ MP+9 Str-2 Dex+4}
                  | (You found it on level 9 of the Dungeon)
  9724 | D:11     | Gained mutation: Your magical capacity is low. (-10% MP)
                  | [potion of mutation]
  9724 | D:11     | Gained mutation: You are covered in fur. (AC +1) [potion of
                  | mutation]
  9895 | D:11     | Noticed an orc warlord
 10067 | Lair:1   | Entered Level 1 of the Lair of Beasts
 10175 | Lair:1   | Noticed Harold
 10194 | Lair:1   | Killed Harold
 10218 | Lair:1   | Noticed a five-headed hydra
 10228 | Lair:1   | Killed a five-headed hydra
 10905 | Lair:2   | Reached skill level 10 in Invocations
 11037 | Lair:2   | Found a staircase to the Shoals.
 11218 | Lair:2   | Reached skill level 12 in Shields
 11646 | Lair:2   | Reached XP level 13. HP: 80/82 MP: 18/18
 11977 | Lair:3   | Found a staircase to the Snake Pit.
 12068 | Lair:3   | Reached ****** piety under the Shining One
 12697 | Lair:3   | Identified a scroll of acquirement
 13718 | Lair:5   | Found a staircase to the Slime Pits.
 14078 | Lair:5   | Noticed Josephine
 14103 | Lair:5   | Killed Josephine
 14528 | Lair:6   | Entered Level 6 of the Lair of Beasts
 14556 | Lair:6   | Reached skill level 13 in Shields
 14670 | Lair:5   | Gained mutation: Your large and strong wings let you fly
                  | indefinitely. [Gargoyle growth]
 14670 | Lair:5   | Reached XP level 14. HP: 67/88 MP: 20/20
 14771 | Lair:6   | Reached skill level 15 in Maces & Flails
 17101 | D:13     | Reached skill level 14 in Shields
 17178 | D:13     | Found an opulent altar of Gozag.
 18176 | Orc:1    | Entered Level 1 of the Orcish Mines
 18176 | Orc:1    | Noticed an orc warlord
 18252 | D:11     | Killed an orc warlord
 18391 | Orc:1    | Noticed a stone giant
 18420 | Orc:1    | Killed a stone giant
 18425 | Orc:1    | Reached XP level 15. HP: 63/92 MP: 22/22
 18608 | Orc:1    | Noticed Nergalle
 18635 | Orc:1    | Killed Nergalle
 18762 | Orc:2    | Entered Level 2 of the Orcish Mines
 18809 | Orc:2    | Found Ibefraaq's Antique Weapon Boutique.
 18884 | Orc:2    | Found a staircase to the Elven Halls.
 18994 | Orc:2    | Reached skill level 15 in Shields
 18999 | Orc:2    | Found Woopt's Food Emporium.
 18999 | Orc:2    | Found Gatwaregih's Magic Scroll Shop.
 19003 | Orc:2    | Found Xaseres's Magic Scroll Shoppe.
 19003 | Orc:2    | Found Gejita's Armour Shop.
 19043 | Orc:2    | Noticed an orc warlord
 19056 | Orc:2    | Killed an orc warlord
 19096 | Orc:2    | Noticed Slothtographer's ghost (journeyman TeGl)
 19117 | Orc:2    | Found a transporter.
 19164 | Orc:2    | Found a transporter.
 19243 | Orc:2    | Bought a scroll of magic mapping for 52 gold pieces
 19243 | Orc:2    | Bought 2 scrolls of enchant armour for 225 gold pieces
 19246 | Orc:2    | Bought a scroll of enchant armour for 105 gold pieces
 19317 | Orc:2    | Bought a warped flail for 289 gold pieces
 19637 | Orc:2    | Identified the +11 flail "Ficil" {holy, rElec rN+ Str-3
                  | Int+8} (You bought it in a shop on level 2 of the Orcish
                  | Mines)
 20129 | D:14     | Found a sparkling altar of Nemelex Xobeh.
 20589 | D:14     | Found a gate to the Vaults.
 20863 | D:15     | Entered Level 15 of the Dungeon
 20863 | D:15     | Found Luraczyl's Jewellery Shop.
 21045 | D:15     | Found Vujami's Weapon Emporium.
 21094 | D:15     | Bought a +4 amulet of reflection for 513 gold pieces
 21094 | D:15     | Bought the ring "Bem Zocs" {Str+2 Dex+4 Stlth+} for 704
                  | gold pieces
 21239 | D:15     | Found a staircase to the Depths.
 21253 | D:15     | Reached skill level 5 in Armour
 21355 | D:15     | Found Vywn's Distillery.
 21361 | D:15     | Bought a potion of heal wounds for 60 gold pieces
 21370 | D:15     | Reached XP level 16. HP: 100/100 MP: 24/24
 21379 | D:15     | Found Ymuc's Gadget Emporium.
 21436 | D:15     | Found Ajadihis's Antique Armour Boutique.
 21802 | Shoals:1 | Entered Level 1 of the Shoals
 21864 | Shoals:1 | Reached skill level 16 in Shields
 21941 | Shoals:1 | Noticed Donald
 21954 | Shoals:1 | Killed Donald
 21956 | Shoals:1 | Noticed Frances
 21973 | Shoals:1 | Killed Frances
 22516 | Shoals:1 | Noticed a kraken
 22579 | Shoals:1 | Killed a kraken
 23021 | Snake:1  | Entered Level 1 of the Snake Pit
 24573 | Snake:2  | Noticed Vashnia
 24598 | Snake:2  | Reached skill level 17 in Shields
 24877 | Snake:2  | Reached skill level 15 in Invocations
 24949 | Snake:2  | Reached skill level 1 in Dodging
 25142 | Snake:2  | Killed Vashnia
 25142 | Snake:2  | Reached XP level 17. HP: 105/108 MP: 25/25
 25285 | Snake:2  | Noticed Aizul
 25299 | Snake:2  | Killed Aizul
 26065 | Snake:3  | Found a snail-covered altar of Cheibriados.
 26124 | Snake:3  | Reached skill level 5 in Dodging
 26158 | Snake:3  | HP: 1/109 [guardian serpent (5)]
 26159 | Snake:3  | Mangled by a guardian serpent

Skill      XL: |  1  2  3  4  5  6  7  8  9 10 11 12 13 14 15 16 17 |
---------------+----------------------------------------------------+-----
Maces & Flails | 3 4 5 6 8 10 11 13 14 16 | 16.0
Shields        | 4 5 6 7 9 10 11 12 13 14 15 17 | 17.5
Fighting       | 4 5 7 8 9 10 11 12 13 | 13.2
Invocations    | 1 2 3 4 5 7 8 10 11 13 14 15 | 15.0
Armour         | 5 7 8 |  8.6
Dodging        | 2 5 |  5.0

Action                   |  1- 3 |  4- 6 |  7- 9 | 10-12 | 13-15 | 16-18 || total
-------------------------+-------+-------+-------+-------+-------+-------++-------
Melee: Flail             |   119 |   110 |   392 |   779 |   232 |   775 ||  2407
       Unarmed           |       |       |     4 |       |       |       ||     4
       Morningstar       |       |       |       |   243 |  1418 |       ||  1661
Invok: Summon Divine War |       |       |       |       |     8 |     4 ||    12
 Abil: Fly               |       |       |       |       |       |     1 ||     1
       Stop Flying       |       |       |       |       |       |     1 ||     1
  Use: Potion            |       |     1 |       |     8 |     6 |    11 ||    26
       Scroll            |       |     7 |     8 |    10 |    16 |    10 ||    51
  Eat: Chunk             |     2 |     5 |     9 |    16 |    17 |     5 ||    54
       Ration            |       |       |       |     1 |     6 |     4 ||    11
Armor: Scale mail        |     4 |       |       |       |       |       ||     4
       Chain mail        |    51 |    83 |   166 |     1 |       |       ||   301
       Skin              |       |       |     1 |       |    10 |       ||    11
       Plate armour      |       |       |       |   479 |   654 |   307 ||  1440
Dodge: Dodged            |    18 |     9 |    25 |    76 |   143 |    81 ||   352
Block: Shield            |    12 |       |       |       |       |       ||    12
       Large shield      |   111 |   125 |   408 |  1195 |  2279 |  1331 ||  5449
       Reflection        |       |       |       |       |     7 |   166 ||   173
